 Dungeon Crawl Stone Soup version 0.30-a0-585-g93115170b9 (webtiles) character file.

Game seed: 8802107861274248178

7 PyroL the Insei (level 2, 0/18 HPs)
             Began as an Octopode Transmuter on Jan 2, 2023.
             Slain by a hobgoblin
             ... wielding a +2 war axe of freezing
              (11 damage)
             ... on level 1 of the Dungeon.
             The game lasted 00:00:40 (138 turns).

PyroL the Insei (Octopode Transmuter)                Turns: 138, Time: 00:00:40

Health: 0/18       AC:  1    Str:  9    XL:     2   Next: 4%
Magic:  3/5        EV: 13    Int: 15    God:
Gold:   3          SH:  0    Dex: 12    Spells: 4/5 levels left

rFire   . . .      SeeInvis .      - Unarmed
rCold   . . .      Faith    .    (no shield)
rNeg    . . .      Spirit   .    (helmet currently unavailable)
rPois   .          Reflect  .    (no amulet)
rElec   .          Harm     .    (no ring)
rCorr   .          Rampage  .    (no ring)
Will    .....                    (no ring)
Stlth   ++                       (no ring)
HPRegen 0.23/turn                (no ring)
MPRegen 0.09/turn                (no ring)
                                 (no ring)
                                 (no ring)

@: appendages
A: tentacle spike 3, almost no armour, amphibious, 8 rings, camouflage 1,
gelatinous body 1, (nimble swimmer 1), tentacles
a: End Transformation


You were on level 1 of the Dungeon.
One of your tentacles had grown a beastly spike.
You visited 1 branch of the dungeon, and saw 1 of its levels.

You collected 3 gold pieces.

Inventory:

Scrolls
 b - a scroll of poison {unknown}
Potions
 a - a potion of lignification
 c - a potion of attraction {unknown}


   Skills:
 - Level 1.0 Fighting
 - Level 2.0 Dodging
 - Level 3.0 Unarmed Combat
 - Level 2.0 Spellcasting
 + Level 2.3 Transmutations
 + Level 1.2 Poison Magic


You had 4 spell levels left.
You knew the following spells:

 Your Spells              Type           Power      Damage    Failure   Level
a - Beastly Appendage     Tmut           16%        N/A       9%          1

Your spell library contained the following spells:

 Spells                   Type           Power      Damage    Failure   Level
 Wereblood                Tmut           8%         N/A       13%         2
 Spider Form              Tmut/Pois      6%         N/A       32%         3
 Ice Form                 Ice/Tmut       5%         N/A       80%         4


Dungeon Overview and Level Annotations

Branches:
Dungeon (1/15)

Altars:


Innate Abilities, Weirdness & Mutations

One of your tentacles has grown a beastly spike.
You cannot wear most types of armour.
You are amphibious.
You can wear up to eight rings at the same time.
Your skin changes colour to match your surroundings (Stealth+).
Your rubbery body absorbs attacks. (AC +1, EV +1)
((You are camouflaged when in or above water. (Stealth+)))
You have tentacles for arms and can constrict up to eight enemies at once.


Message History

You constrict the kobold. The kobold hits you with a +0 dagger.
You barely miss the kobold.
You pierce the kobold, but do no damage.
You squeeze the kobold.
You kill the kobold!
Your Poison Magic skill increases to level 1!
You closely miss the goblin. Your grab misses the goblin.
You pierce the goblin.
You kill the goblin!
Items here: ( )) ††.
Your transformation is almost over.
A jackal comes into view.
A jackal is nearby!
You extend your transformation's duration.
The jackal barks!
You hear a bark!
A hobgoblin comes into view.
It is wielding a +2 war axe of freezing.
You closely miss the jackal. You grab the jackal.
You constrict the jackal, but do no damage.
The jackal barely misses you.
You tentacle-slap the jackal.
Your tentacle spike misses the jackal.
You squeeze the jackal.
You kill the jackal!
You have reached level 2!
Press: ? - help, v - describe, . - travel
Here: a hobgoblin, wielding a +2 war axe of freezing The floor.
You have nothing you can fire or use right now.
Unknown command.
A jackal comes into view.
A jackal comes into view.
The jackal barely misses you.
The hobgoblin hits you with a +2 war axe of freezing.
The hobgoblin freezes you.
You barely miss the hobgoblin. Your grab misses the hobgoblin.
You pierce the hobgoblin.
The hobgoblin is severely wounded.
The jackal barely misses you.
The hobgoblin hits you with a +2 war axe of freezing!
Ouch! That really hurt!
You die...

....### ....###
......### #
........#.#
.#......#.###
.#..........#
.#†.....###.#
.#......###.########
.#........>....g@h.#
.##########.######.#
. #.# h# #.. .. ..##
... # .## ..## ..
... .. .##


You could see a jackal and a hobgoblin.

Vanquished Creatures
  2 goblins (D:1)
  A jackal (D:1)
  A kobold (D:1)
  3 ball pythons (D:1)
7 creatures vanquished.

Notes
Turn   | Place    | Note
-------+----------+-------------------------------------------
     0 | D:1      | PyroL the Octopode Transmuter began the quest for the Orb.
     0 | D:1      | Reached XP level 1. HP: 13/13 MP: 3/3
   123 | D:1      | Reached skill level 1 in Poison Magic
   135 | D:1      | Reached XP level 2. HP: 18/18 MP: 3/5
   138 | D:1      | Slain by a hobgoblin

Illustrated notes

Levels and vault maps discovered:
D:1:      evilmike_arrival_hilbert_curve, layout_loops_ring,
          minmay_misc_feat_enclosed, roderic_roman_lattice,
          chequers_serial_rivers_small_b, minmay_misc_feat_rows

Skill      XL: |  1 |
---------------+----+-----
Poison Magic   | 1 |  1.2
Fighting       | |  1.0
Dodging        | |  2.0
Unarmed Combat | |  3.0
Spellcasting   | |  2.0
Transmutations | |  2.3

Action                   || total
-------------------------++-------
Melee: Unarmed           ||    14
       Tentacles         ||     5
       Kick              ||     5
       Constrict         ||     4
 Cast: Beastly Appendage ||     6
Armor: Skin              ||     2
Dodge: Dodged            ||     9

Table legend: (Time is in decaauts)
 A = Elapsed time spent in this place.
 B = Non-inter-level travel time spent in this place.
 C = Inter-level travel time spent in this place.
 D = Time resting spent in this place.
 E = Time spent auto-exploring this place.
 F = Levels seen in this place.
 G = Mean time per level.
                   A        B        C        D        E       F      G
               +--------+--------+--------+--------+--------+-----+--------+
         Total |    137 |    137 |      0 |      0 |     81 |   1 |  137.0 |
       Dungeon |    137 |    137 |      0 |      0 |     81 |   1 |  137.0 |
               +--------+--------+--------+--------+--------+-----+--------+

Top non-repeatable levels by time:
     D:1: 137 daAuts
